Map: Lightshade LE

Players

Heeebster

  • Race: Protoss Protoss
  • League: Diamond
  • Spawn Location: 5:00

NorseGoat - Winner!

  • Race: Protoss Protoss
  • League: Diamond
  • Spawn Location: 11:00

VOD

Have the link to the VOD?

Description

Time

  • Played on: Nov. 15, 2020, 12:55 p.m.
  • Length: 17:09
Show
View Real Time Build Order
Export as new Build Order

Heeebster Protoss 

Build Orders: Oracle Opening 

Get SALT Encoding   

  12  0:00  Probe  
  13  0:12  Probe (Chrono Boost)  
  14  0:18  Pylon  
  14  0:24  Probe (Chrono Boost)  
  15  0:34  Probe  
  15  0:39  Gateway  
  16  0:46  Probe  
  16  0:47  Assimilator  
  17  0:54  Assimilator  
  17  0:58  Probe  
  18  1:10  Probe  
  19  1:13  Gateway  
  19  1:22  Probe  
  20  1:30  Cybernetics Core  
  20  1:34  Probe  
  21  1:40  Pylon  
  21  1:46  Probe  
  22  1:59  Probe  
  23  2:04  Adept x2 (Chrono Boost)  
  23  2:07  Warp Gate  
  27  2:11  Stargate  
  27  2:36  Nexus  
  27  2:52  Robotics Facility  
  25  3:07  Oracle (Chrono Boost)  
  25  3:08  Probe  
  29  3:26  Probe  
  30  3:27  Pylon  
  30  3:30  Pylon  
  30  3:39  Probe  
  31  3:45  Oracle, Immortal (Chrono Boost)  
  38  3:52  Shield Battery  
  38  3:57  Shield Battery  
  38  4:01  Probe  
  39  4:03  Probe  
  40  4:19  Probe  
  40  4:20  Probe  
  42  4:25  Immortal (Chrono Boost)  
  46  4:31  Probe  
  46  4:36  Void Ray  
  47  4:41  Probe  
  47  4:45  Assimilator  
  52  4:47  Assimilator, Probe  
  53  4:53  Probe  
  53  4:59  Probe  
  55  5:04  Pylon  
  55  5:05  Probe (Chrono Boost)  
  56  5:13  Void Ray  
  57  5:15  Probe (Chrono Boost)  
  57  5:18  Probe (Chrono Boost)  
  62  5:25  Probe (Chrono Boost)  
  62  5:26  Probe (Chrono Boost)  
  64  5:29  Robotics Bay  
  64  5:31  Protoss Air Weapons Level 1 (Chrono Boost)  
  64  5:32  Probe  
  64  5:35  Probe  
  66  5:44  Probe  
  66  5:47  Probe  
  68  5:55  Immortal (Chrono Boost)  
  70  5:59  Pylon  
  70  6:08  Nexus  
  70  6:13  Void Ray  
  70  6:16  Extended Thermal Lance  
  70  6:17  Probe  
  71  6:22  Probe  
  76  6:31  Forge  
  76  6:36  Pylon  
  76  6:37  Stargate  
  76  6:38  Pylon  
  76  6:40  Stargate  
  76  6:53  Colossus  
  82  6:56  Probe  
  82  6:57  Probe  
  82  7:00  Void Ray  
  84  7:08  Probe  
  89  7:12  Protoss Ground Weapons Level 1 (Chrono Boost)  
  89  7:13  Probe  
  90  7:20  Probe  
  90  7:22  Pylon, Probe  
  92  7:24  Pylon  
  92  7:25  Probe  
  92  7:28  Void Ray  
  93  7:32  Probe  
  93  7:33  Pylon  
  93  7:34  Probe  
  99  7:37  Probe  
  100  7:44  Probe  
  100  7:49  Colossus (Chrono Boost)  
  101  7:56  Probe x2  
  101  7:57  Assimilator  
  109  8:02  Assimilator, Shield Battery  
  109  8:04  Shield Battery, Probe  
  110  8:06  Shield Battery  
  110  8:08  Probe  
  110  8:09  Pylon, Probe  
  112  8:16  Probe  
  113  8:22  Twilight Council  
  113  8:24  Probe  
  113  8:26  Probe  
  115  8:27  Photon Cannon  
  115  8:29  Photon Cannon  
  115  8:30  Protoss Air Armor Level 1  
  115  8:35  Colossus  
  121  8:46  Void Ray (Chrono Boost)  
  115  8:52  Void Ray (Chrono Boost)  
  123  9:06  Gateway  
  123  9:08  Gateway  
  123  9:09  Gateway  
  123  9:10  Protoss Ground Weapons Level 2 (Chrono Boost)  
  123  9:11  Gateway  
  123  9:12  Pylon  
  123  9:15  Pylon  
  123  9:17  Robotics Facility  
  123  9:19  Pylon  
  123  9:32  Void Ray  
  127  9:43  Zealot x2  
  124  9:49  Observer (Chrono Boost)  
  123  9:55  Probe x3  
  126  10:05  Colossus  
  126  10:07  Probe x2  
  134  10:18  Probe  
  134  10:19  Probe x2  
  132  10:29  Pylon  
  132  10:30  Probe  
  132  10:31  Probe x2  
  132  10:32  Pylon  
  135  10:36  Zealot  
  135  10:37  Zealot x2  
  135  10:42  Probe  
  122  10:43  Probe  
  122  10:44  Probe  
  122  10:48  Stalker x2  
  122  10:49  Stalker  
  78  10:58  Stalker x2  
  78  10:59  Stalker  
  77  11:04  Probe x3  
  77  11:16  Probe (Chrono Boost)  
  77  11:17  Probe (Chrono Boost)  
  80  11:19  Photon Cannon  
  80  11:20  Photon Cannon  
  80  11:21  Probe (Chrono Boost)  
  81  11:27  Probe (Chrono Boost)  
  81  11:28  Probe (Chrono Boost)  
  81  11:32  Probe (Chrono Boost)  
  83  11:33  Probe x2 (Chrono Boost)  
  83  11:36  Photon Cannon  
  85  11:41  Probe (Chrono Boost)  
  85  11:43  Photon Cannon  
  88  11:47  Probe (Chrono Boost)  
  88  11:48  Probe (Chrono Boost)  
  88  11:52  Probe (Chrono Boost)  
  88  11:59  Probe (Chrono Boost)  
  80  12:08  Probe (Chrono Boost)  
  79  12:11  Probe (Chrono Boost)  
  79  12:15  Protoss Ground Weapons Level 3 (Chrono Boost), Probe (Chrono Boost)  
  80  12:19  Photon Cannon  
  80  12:20  Probe (Chrono Boost)  
  80  12:21  Photon Cannon  
  82  12:23  Probe (Chrono Boost)  
  82  12:26  Stalker  
  82  12:27  Sentry  
  82  12:28  Probe (Chrono Boost), Sentry  
  82  12:29  Probe (Chrono Boost)  
  91  12:31  Probe (Chrono Boost)  
  91  12:32  Void Ray  
  91  12:34  Blink (Chrono Boost)  
  91  12:36  Probe (Chrono Boost)  
  96  12:44  Void Ray  
  96  12:46  Probe (Chrono Boost)  
  102  12:58  Probe (Chrono Boost)  
  102  13:04  Void Ray  
  102  13:08  Probe x2 (Chrono Boost)  
  102  13:10  Void Ray  
  112  13:20  Fleet Beacon  
  112  13:22  Pylon  
  112  13:31  Observer (Chrono Boost)  
  119  13:39  Colossus (Chrono Boost)  
  119  13:50  Probe x2, Void Ray  
  119  13:53  Colossus  
  131  14:06  Stalker x2  
  135  14:10  Probe x2  
  135  14:11  Protoss Air Weapons Level 2  
  135  14:15  Probe  
  138  14:22  Probe x2  
  140  14:24  Stalker  
  140  14:25  Stalker  
  140  14:26  Colossus  
  140  14:27  Probe  
  151  14:34  Stalker x2, Probe  
  151  14:36  Void Ray  
  160  14:46  Stalker x2  
  158  15:10  Stalker x4  
  125  15:40  Pylon  
  125  15:41  Pylon  
  104  16:34  Nexus  
  104  16:40  Nexus  
Show
View Real Time Build Order
Export as new Build Order

NorseGoat Protoss - Winner!

Build Orders:  

Get SALT Encoding   

  12  0:01  Probe  
  13  0:17  Pylon, Probe  
  14  0:29  Probe  
  15  0:35  Gateway  
  15  0:43  Probe (Chrono Boost)  
  15  0:49  Assimilator  
  16  0:55  Probe (Chrono Boost)  
  17  1:02  Probe (Chrono Boost)  
  18  1:06  Gateway  
  18  1:10  Probe (Chrono Boost)  
  19  1:23  Cybernetics Core  
  20  1:26  Probe (Chrono Boost)  
  20  1:28  Assimilator  
  20  1:38  Probe  
  20  1:39  Pylon  
  21  1:50  Probe  
  22  1:59  Stalker  
  24  2:02  Probe  
  25  2:11  Stalker  
  25  2:14  Probe  
  28  2:26  Probe  
  28  2:30  Nexus  
  28  2:34  Warp Gate  
  28  2:41  Probe  
  29  2:50  Sentry  
  31  2:55  Pylon  
  31  2:59  Probe  
  31  3:20  Pylon  
  31  3:29  Stargate  
  31  3:30  Pylon  
  31  3:38  Stalker, Probe (Chrono Boost)  
  34  3:46  Pylon  
  35  3:50  Probe (Chrono Boost)  
  35  3:52  Probe (Chrono Boost)  
  36  3:58  Probe (Chrono Boost)  
  36  4:00  Probe (Chrono Boost)  
  38  4:04  Gateway  
  38  4:05  Probe x2 (Chrono Boost)  
  38  4:07  Assimilator  
  36  4:16  Probe  
  34  4:21  Probe (Chrono Boost)  
  34  4:31  Stalker  
  37  4:34  Probe (Chrono Boost)  
  37  4:36  Void Ray  
  38  4:39  Probe (Chrono Boost)  
  38  4:42  Probe (Chrono Boost)  
  43  4:46  Probe  
  44  4:57  Probe  
  44  4:58  Probe  
  46  5:00  Stalker  
  47  5:09  Probe  
  47  5:10  Probe  
  50  5:22  Probe (Chrono Boost)  
  50  5:24  Probe (Chrono Boost)  
  51  5:32  Assimilator, Stalker  
  51  5:34  Probe (Chrono Boost)  
  55  5:37  Probe (Chrono Boost)  
  55  5:39  Probe (Chrono Boost)  
  56  5:45  Probe (Chrono Boost)  
  58  5:53  Void Ray (Chrono Boost)  
  58  5:54  Probe (Chrono Boost)  
  58  5:56  Probe (Chrono Boost)  
  59  6:00  Forge  
  59  6:01  Probe (Chrono Boost)  
  64  6:14  Zealot  
  64  6:15  Nexus, Zealot  
  64  6:18  Pylon  
  68  6:23  Probe (Chrono Boost)  
  68  6:25  Probe (Chrono Boost)  
  70  6:30  Void Ray  
  70  6:37  Assimilator  
  70  6:38  Probe (Chrono Boost)  
  76  6:40  Probe (Chrono Boost)  
  76  6:41  Assimilator  
  76  6:43  Zealot  
  76  6:44  Pylon  
  78  6:48  Twilight Council  
  78  6:58  Photon Cannon  
  78  7:01  Pylon  
  78  7:02  Probe x2  
  78  7:07  Void Ray  
  80  7:09  Pylon  
  80  7:13  Pylon  
  80  7:15  Probe x2  
  86  7:23  Stalker  
  86  7:25  Zealot, Protoss Air Weapons Level 1 (Chrono Boost)  
  86  7:27  Probe x2  
  92  7:30  Probe, Templar Archives  
  92  7:33  Pylon  
  93  7:39  Photon Cannon, Probe x2  
  93  7:40  Protoss Shields Level 1  
  90  7:44  Probe  
  91  7:54  Probe (Chrono Boost)  
  91  7:55  Probe (Chrono Boost)  
  91  7:56  Probe (Chrono Boost)  
  93  8:04  Dark Shrine  
  96  8:06  Probe (Chrono Boost)  
  96  8:07  Probe x2 (Chrono Boost), Void Ray (Chrono Boost)  
  96  8:13  Gateway  
  96  8:16  Pylon, Probe (Chrono Boost)  
  96  8:18  Probe x2 (Chrono Boost)  
  104  8:29  Probe (Chrono Boost)  
  104  8:30  Photon Cannon  
  104  8:31  Probe (Chrono Boost)  
  104  8:32  Probe (Chrono Boost)  
  104  8:33  Probe (Chrono Boost)  
  106  8:34  High Templar x2  
  107  8:47  Probe x2 (Chrono Boost)  
  107  8:51  Probe (Chrono Boost)  
  107  8:52  Void Ray (Chrono Boost)  
  107  8:56  Stalker  
  107  8:57  Probe x2 (Chrono Boost)  
  107  9:00  Probe (Chrono Boost)  
  107  9:01  Gateway  
  116  9:03  Gateway  
  116  9:04  Archon  
  116  9:10  Shield Battery, Probe  
  116  9:11  Probe x2  
  116  9:16  Gateway  
  119  9:17  Gateway  
  119  9:18  Pylon  
  119  9:22  Dark Templar x2  
  123  9:30  Void Ray (Chrono Boost)  
  123  9:37  Stalker x2  
  131  9:53  Gateway  
  131  9:56  Stalker x2  
  135  10:04  Void Ray (Chrono Boost)  
  135  10:06  Protoss Air Armor Level 1  
  135  10:07  Fleet Beacon  
  139  10:19  Dark Templar x3  
  143  10:25  Stalker, Zealot  
  143  10:26  Zealot  
  147  10:38  Nexus  
  147  10:39  Pylon  
  99  10:53  Void Ray  
  91  11:03  Stargate  
  95  11:04  Probe x2  
  95  11:07  Assimilator  
  95  11:09  Probe  
  92  11:11  Assimilator  
  92  11:14  Stalker x4, Shield Battery  
  96  11:19  Pylon  
  96  11:20  Pylon  
  96  11:22  Shield Battery  
  96  11:26  Shield Battery  
  96  11:27  Dark Templar  
  96  11:28  Dark Templar  
  96  11:31  Void Ray (Chrono Boost)  
  100  11:35  Dark Templar  
  106  11:44  Probe  
  107  11:50  Probe x2  
  107  11:51  Probe  
  108  12:02  Dark Templar  
  108  12:05  Carrier (Chrono Boost), Void Ray (Chrono Boost)  
  106  12:09  Probe x3  
  106  12:10  Protoss Air Weapons Level 2  
  119  12:18  Stalker  
  119  12:20  Probe  
  119  12:21  Probe  
  123  12:27  Protoss Shields Level 2  
  121  12:32  Void Ray (Chrono Boost)  
  121  12:42  Nexus  
  125  12:44  Pylon, Probe x2  
  125  12:49  Pylon  
  125  12:51  Assimilator, Dark Templar  
  127  12:52  Dark Templar  
  127  12:54  Pylon  
  127  12:56  Assimilator  
  127  12:57  Dark Templar, Void Ray  
  133  13:01  Pylon  
  134  13:26  Void Ray (Chrono Boost)  
  134  13:27  Probe x2  
  134  13:28  Probe  
  137  13:35  Probe  
  137  13:37  Carrier (Chrono Boost)  
  137  13:39  Probe  
  145  13:43  Stargate  
  145  13:52  Probe x2  
  147  13:57  Void Ray (Chrono Boost)  
  151  14:03  Photon Cannon  
  151  14:09  Probe  
  152  14:18  Pylon  
  152  14:27  Zealot x2, Carrier (Chrono Boost)  
  152  14:28  Pylon, Zealot x5  
  152  14:29  Zealot x2  
  176  14:31  Void Ray (Chrono Boost)  
  176  14:32  Carrier (Chrono Boost)  
  186  14:48  Pylon  
  186  14:50  Dark Templar  
  188  14:57  Pylon  
  188  15:01  Probe  
  188  15:02  Probe x2  
  188  15:07  Probe  
  196  15:11  Nexus  
  196  15:13  Probe  
  195  15:18  Pylon  
  195  15:19  Nexus  
  189  15:27  Probe x3  
  178  15:41  Nexus  
  143  15:56  Probe x3  
  146  16:08  Probe x2  
  146  16:10  Probe, Void Ray  
  149  16:15  Stargate  
  149  16:18  Stalker x2, Stargate  
  157  16:19  High Templar x3  
  157  16:20  Probe x2  
  157  16:23  Archon  
  165  16:26  Gateway  
  165  16:32  Gateway  
  165  16:33  Probe x2  
  165  16:34  Probe  
  165  16:36  Probe  
  165  16:38  Assimilator  
  165  16:39  Pylon  
  169  16:40  Assimilator  
  169  16:44  Photon Cannon  
  169  16:45  Probe  
  170  16:48  Fleet Beacon  
  174  16:56  Probe  
Tags
 
Matchup
PvP
Replay Pack
Replays
Spawn Locations
Cross Positions
Add a new tag
Caveats
  • Supply blocks, unpowered buildings, or Contaminate may cause inaccurate times.
  • Supply counts are checked every 10 seconds.